 Dungeon Crawl Stone Soup version 0.30-b1-2-g02819fbbbe (webtiles) character file.

Game seed: 7428332097631106180

166 MajorAdolf the Trooper (level 5, -7/50 HPs)
             Began as a Naga Wanderer on Sept 20, 2023.
             Killed by divine providence
             ... invoked by an orc priest
              (14 damage)
             ... on level 3 of the Dungeon.
             The game lasted 00:05:04 (2141 turns).

MajorAdolf the Trooper (Naga Wanderer)              Turns: 2141, Time: 00:05:05

Health: -7/50      AC: 11    Str: 14    XL:     5   Next: 47%
Magic:  6/6        EV:  8    Int:  9    God:
Gold:   79         SH:  0    Dex: 16    Spells: 6/6 levels left

rFire   + . .        v - +1 dagger (speed)
rCold   . . .        (no shield)
rNeg    . . .        w - +1 ring mail {rF+}
rPois   +            h - +0 helmet
rElec   .            (no cloak)
rCorr   .            c - +0 pair of gloves
SInv    +            (no barding)
Will    .....        (no amulet)
Stlth   +            n - +4 ring of protection
HPRegen 0.28/turn    (no ring)
MPRegen 0.10/turn

%: no passive effects
@: very slow
A: AC +1, large, see invisible, deformed body, poison resistance, slowness 2,
spit poison 1, naga tail 1
a: Spit Poison


You were on level 3 of the Dungeon.
You visited 1 branch of the dungeon, and saw 3 of its levels.

You collected 79 gold pieces.

Inventory:

Hand Weapons
 a - a +0 shortbow
 b - a +0 falchion
 f - a +0 short sword
 i - a +1 short sword of holy wrath
 s - a +0 hand axe
 v - a +1 dagger of speed (weapon)
Armour
 c - a +0 pair of gloves (worn)
 h - a +0 helmet (worn)
 w - a +1 ring mail of fire resistance (worn)
Jewellery
 n - a +4 ring of protection (left hand)
 p - a +6 ring of dexterity
 u - a ring of magical power
Wands
 e - a wand of polymorph (9)
Scrolls
 d - a scroll of fear
 g - 4 scrolls of identify {unknown}
 k - a scroll of vulnerability {unknown}
 o - a scroll of poison {unknown}
 r - a scroll of amnesia {unknown}
 t - 2 scrolls of magic mapping {unknown}
 x - a scroll of enchant armour {unknown}
Potions
 j - a potion of mutation {unknown}
 l - a potion of ambrosia {unknown}
 m - a potion of magic {unknown}
 q - a potion of might {unknown}


   Skills:
 + Level 4.3 Fighting
 - Level 1.0 Long Blades
 + Level 2.5 Axes
 - Level 1.7 Ranged Weapons
 + Level 1.5 Armour
 + Level 1.6 Dodging
 - Level 1.5 Stealth
 - Level 1.0 Spellcasting


You had 6 spell levels left.
You didn't know any spells.
Your spell library contained the following spells:

 Spells                   Type           Power      Damage    Failure   Level
 Summon Small Mammal      Summ           0%         N/A       58%         1
 Call Canine Familiar     Summ           0%         N/A       92%         3
 Summon Guardian Golem    Hex/Summ       0%         N/A       92%         3
 Blade Hands              Tmut           0%         N/A       100%        5
 Irradiate                Conj/Tmut      0%         3d11      100%        5
 Dragon Form              Tmut           0%         N/A       100%        7


Dungeon Overview and Level Annotations

Branches:
Dungeon (3/15)

Altars:

Shops:
D:2 ?


Innate Abilities, Weirdness & Mutations

Your serpentine skin is tough. (AC +1)
You have supernaturally acute eyesight. (SInv)
Armour fits poorly on your strangely shaped body.
Your system is resistant to poisons. (rPois)
You cover ground very slowly.
You can spit poison.
You have a snake-like lower body.


Message History

Aiming: Spit Poison (1% risk of failure)
Press: ? - help, Shift-Dir - straight line, f/p - orc priest
Aim: an orc priest, wielding a +0 dagger and wearing a +0 leather armour (heavily wounded, 59% to hit)
The splash of poison hits the orc priest but does no damage.
The orc priest is poisoned.
The orc priest is heavily wounded.
The orc priest hits you but does no damage.
The orc hits you with a +0 flail. The orc closely misses you.
You hit the orc priest.
The orc priest is heavily wounded.
The orc priest hits you with a +0 dagger.
The orc hits you but does no damage. x2
You hit the orc priest.
The orc priest is severely wounded.
Unknown command.
You hit the orc priest.
The orc priest is severely wounded.
The orc priest hits you with a +0 dagger.
The orc hits you but does no damage. The orc hits you with a +0 short sword.
You closely miss the orc priest.
The orc priest is severely wounded.
The orc priest invokes the aid of Beogh against you.
Beogh smites you!
* * * LOW HITPOINT WARNING * * *
The orc closely misses you. The orc hits you with a +0 short sword.
* * * LOW HITPOINT WARNING * * *
You have got your breath back.
The orc hits you but does no damage. The orc attacks as you move away!
The orc hits you but does no damage. The orc attacks as you move away!
The orc hits you with a +0 flail.
* * * LOW HITPOINT WARNING * * *
The orc priest looks more healthy.
Things that are here:
4 stones; a frilled lizard corpse The orc attacks as you move away!
The orc completely misses you. The orc misses you.
The orc attacks as you move away! The orc hits you but does no damage.
The orc priest mumbles some strange prayers to Beogh against you.
Beogh smites you!
You die...

........
.#############.....##
>......o.o..........#
.....$.)#####)......#
......... #o).....#
.......o.. #o###.....
#'###......o #o# ....
#.# #........#.# ...
.. ###.######@# #
.###.# #........#
...... ##......#
......## #......##
.....oo## #.......#
.....#.o#######...#
.o.. ##..### #...#
#.... o..
##...####...# #....
.. ###...##...###
#....


You could see an orc priest and 2 orcs.

Vanquished Creatures
  Terence (D:3)
  2 orc wizards (D:3)
  2 adders (D:2)
  A worm (D:2)
  A dart slug (D:3)
  5 orcs (D:3)
  4 bats
  5 endoplasms
  3 giant cockroaches
  3 goblins
  4 hobgoblins
  4 jackals (D:2)
  7 kobolds
  5 quokkas
  3 ball pythons
  6 frilled lizards
  4 rats
60 creatures vanquished.

Vanquished Creatures (others)
  3 demonic plants (D:1)
3 creatures vanquished.

Grand Total: 63 creatures vanquished

Notes
Turn   | Place    | Note
-------+----------+-------------------------------------------
     0 | D:1      | MajorAdolf the Naga Wanderer began the quest for the Orb.
     0 | D:1      | MajorAdolf set off with the following items: a +0 shortbow,
                  | a +0 falchion, a +0 pair of gloves, a scroll of fear, a +0
                  | leather armour.
     0 | D:1      | Reached XP level 1. HP: 18/18 MP: 2/2
   162 | D:1      | Reached skill level 2 in Fighting
   162 | D:1      | Reached XP level 2. HP: 23/26 MP: 3/3
   299 | D:1      | Found a faded altar of an unknown god.
   632 | D:1      | Reached XP level 3. HP: 26/33 MP: 4/4
   899 | D:2      | Reached skill level 3 in Fighting
  1174 | D:2      | Found Uliol's Magic Scroll Emporium.
  1445 | D:2      | Reached XP level 4. HP: 42/42 MP: 5/5
  1449 | D:2      | Reached skill level 1 in Axes
  1951 | D:3      | Reached skill level 4 in Fighting
  1951 | D:3      | Reached XP level 5. HP: 38/50 MP: 6/6
  2017 | D:3      | Noticed Terence
  2028 | D:3      | Killed Terence
  2141 | D:3      | Killed from afar by an orc priest

Illustrated notes

Levels and vault maps discovered:
D:1:      sevenhm_arrival_forest_fort_small_3, layout_basic,
          shapermc_ecumenical_altar_gd
D:2:      layout_loops_cross, serial_shops, nicolae_shop_behind_doors,
          lightli_corner_chamber
D:3:      layout_basic, uniq_terence

Skill      XL: |  1  2  3  4 |
---------------+-------------+-----
Fighting       | 2 3 4 |  4.3
Axes           | 2 |  2.5
Long Blades    | |  1.0
Ranged Weapons | |  1.7
Armour         | |  1.5
Dodging        | |  1.6
Stealth        | |  1.5
Spellcasting   | |  1.0

Action                     |  1- 3 |  4- 6 || total
---------------------------+-------+-------++-------
  Melee: Falchion          |   111 |       ||   111
         Dagger            |     3 |   121 ||   124
Ability: Spit Poison       |     7 |    15 ||    22
   Stab: Distracted        |     1 |       ||     1
         Sleeping          |     3 |     1 ||     4
 Armour: Leather armour    |    20 |       ||    20
         Robe              |    40 |    13 ||    53
         Ring mail         |       |    58 ||    58
         Skin              |       |     3 ||     3
  Dodge: Dodged            |    68 |    63 ||   131
